 Dungeon Crawl Stone Soup version 0.30-a0-266-g2b27a225a3 (webtiles) character file.

Game seed: 1964423242587825807

58 Decritt the Firebug (level 4, -2/25 HPs)
             Began as a Gargoyle Fire Elementalist on Oct 14, 2022.
             Slain by an orc
             ... wielding a +0 whip
              (5 damage)
             ... on level 2 of the Dungeon.
             The game lasted 00:03:18 (1460 turns).

Decritt the Firebug (Gargoyle Fire Elementalist)    Turns: 1460, Time: 00:03:18

Health: -2/25      AC:  5    Str: 11    XL:     4   Next: 2%
Magic:  0/7        EV:  8    Int: 18    God:
Gold:   25         SH:  0    Dex: 10    Spells: 6/7 levels left

rFire   . . .      SeeInvis .    i - +0 mace
rCold   + . .      Faith    .    (no shield)
rNeg    + . .      Spirit   .    a - +0 robe
rPois   ∞          Reflect  .    (no helmet)
rElec   +          Harm     .    (no cloak)
rCorr   .          Rampage  .    (no gloves)
Will    .....                    (no boots)
Stlth   ++........               j - amulet of the acrobat
HPRegen 0.24/turn                e - ring of protection from cold
MPRegen 0.10/turn                (no ring)

@: very slightly contaminated, constricted
A: sickness immunity, AC +3, negative energy resistance 1, electricity
resistance, torment resistance 1, petrification resistance
a: no special abilities


You were on level 2 of the Dungeon.
You visited 1 branch of the dungeon, and saw 2 of its levels.

You collected 25 gold pieces.

Inventory:

Hand Weapons
 i - a +0 mace (weapon)
Armour
 a - a +0 robe (worn)
Jewellery
 e - a ring of protection from cold (left hand)
 j - an amulet of the acrobat (around neck)
Scrolls
 c - a scroll of summoning {unknown}
 d - a scroll of blinking {unknown}
 g - a scroll of fear {unknown}
 h - 2 scrolls of identify {unknown}
Potions
 b - a potion of magic
 f - a potion of invisibility {unknown}


   Skills:
 + Level 1.5 Fighting
 + Level 1.5 Armour
 - Level 1.5 Dodging
 - Level 2.1 Stealth
 + Level 2.4 Spellcasting
 + Level 2.0 Conjurations
 + Level 3.3 Fire Magic


You had 6 spell levels left.
You knew the following spells:

 Your Spells              Type           Power      Damage    Failure   Level
a - Foxfire               Conj/Fire      44%        2x1d6     6%          1

Your spell library contained the following spells:

 Spells                   Type           Power      Damage    Failure   Level
 Scorch                   Fire           28%        2d6       7%          2
 Inner Flame              Hex/Fire       8%         N/A       26%         3
 Kindle Blastsparks       Fire/Tloc/Air  12%        2d11      32%         3
 Flame Wave               Conj/Fire      11%        2d6       50%         4


Dungeon Overview and Level Annotations

Branches:
Dungeon (2/15)

Altars:

Shops:
D:1 :


Innate Abilities, Weirdness & Mutations

You are immune to sickness and miasma.
Your stone body is resilient. (AC +3)
You are immune to poison.
You resist negative energy. (rN+)
You are resistant to electric shocks. (rElec)
You are resistant to unholy torment.
You are immune to petrification.


Message History

You closely miss the orc.
The orc is severely wounded.
The ball python bites you but does no damage.
The ball python constricts you. The orc closely misses you.
The ball python bites you. The ball python constricts you.
You hit the orc but do no damage.
The orc is severely wounded.
The ball python bites you but does no damage.
The ball python constricts you. The orc hits you with a +0 whip.
The ball python bites you.
* * * LOW HITPOINT WARNING * * *
The ball python constricts you.
You barely miss the orc.
The orc is severely wounded.
The orc closely misses you.
The ball python bites you but does no damage.
The ball python constricts you. The orc closely misses you.
You hit the orc but do no damage.
The orc is severely wounded.
The ball python bites you.
* * * LOW HITPOINT WARNING * * *
The ball python constricts you. The orc hits you with a +0 whip.
* * * LOW HITPOINT WARNING * * *
The ball python bites you but does no damage.
The ball python constricts you.
Casting: Foxfire (safe; 6% risk of failure)
Confirm with . or Enter, or press ? or * to list all spells.
You miscast Foxfire.
You are very lightly contaminated with residual magic.
Nothing appears to happen.
The orc hits you but does no damage. The ball python closely misses you.
The ball python constricts you.
You barely miss the orc.
The orc is severely wounded.
The ball python barely misses you. The ball python constricts you.
* * * LOW HITPOINT WARNING * * *
The orc hits you with a +0 whip.
* * * LOW HITPOINT WARNING * * *
The ball python closely misses you. The ball python constricts you.
The orc hits you with a +0 whip.
You die...

...................
#......
.........#.........
#..##.#
........##...#..... #..#
.# ...................
... .
.........#...###### ###
.........#.....# ....
.........#...#.### .....
.........#...#...#.[....
.........#######@o...≈..
........## #.S....≈.
#......## ###......
######## ...... ......
#####


You could see an orc and a ball python.

Vanquished Creatures
  2 adders (D:2)
  A worm (D:2)
  A dart slug (D:1)
  6 endoplasms
  3 goblins
  5 hobgoblins
  2 quokkas
  3 ball pythons
  3 bats
  A frilled lizard (D:2)
  A kobold (D:1)
  8 rats
36 creatures vanquished.

Vanquished Creatures (collateral kills)
  A foxfire (D:2)
1 creature vanquished.

Vanquished Creatures (others)
  101 foxfires
101 creatures vanquished.

Grand Total: 138 creatures vanquished

Notes
Turn   | Place    | Note
-------+----------+-------------------------------------------
     0 | D:1      | Decritt the Gargoyle Fire Elementalist began the quest for
                  | the Orb.
     0 | D:1      | Reached XP level 1. HP: 10/10 MP: 3/3
   163 | D:1      | Reached XP level 2. HP: 16/16 MP: 5/5
   274 | D:1      | Found Wavat's Book Shop.
   825 | D:1      | Reached skill level 1 in Fighting
   827 | D:1      | Reached skill level 1 in Armour
   899 | D:1      | Reached XP level 3. HP: 14/20 MP: 6/6
  1312 | D:2      | Found a faded altar of an unknown god.
  1452 | D:2      | Reached XP level 4. HP: 19/25 MP: 1/7
  1460 | D:2      | Slain by an orc

Illustrated notes

Levels and vault maps discovered:
D:1:      zelgadis_glass_arrival_small, layout_loops_ring, serial_shops,
          nicolae_shop_hallway_plus
D:2:      layout_rooms, basic_ecumenical_altar, grunt_ministairs_9,
          minmay_hedge_maze, kennysheep_generic_room_4

Skill      XL: |  1  2  3 |
---------------+----------+-----
Fighting       | 1 |  1.5
Armour         | 1 |  1.5
Conjurations   | 2 |  2.0
Dodging        | |  1.5
Stealth        | |  2.1
Spellcasting   | |  2.4
Fire Magic     | |  3.3

Action                   |  1- 3 |  4- 6 || total
-------------------------+-------+-------++-------
Melee: Unarmed           |    28 |       ||    28
       Mace              |    10 |     6 ||    16
 Cast: Foxfire           |    63 |     1 ||    64
Armor: Robe              |    19 |     9 ||    28
Dodge: Dodged            |    47 |    12 ||    59

Table legend: (Time is in decaauts)
 A = Elapsed time spent in this place.
 B = Non-inter-level travel time spent in this place.
 C = Inter-level travel time spent in this place.
 D = Time resting spent in this place.
 E = Time spent auto-exploring this place.
 F = Levels seen in this place.
 G = Mean time per level.
                   A        B        C        D        E       F      G
               +--------+--------+--------+--------+--------+-----+--------+
         Total |   1464 |   1438 |     26 |      0 |   1137 |   2 |  732.0 |
       Dungeon |   1464 |   1438 |     26 |      0 |   1137 |   2 |  732.0 |
               +--------+--------+--------+--------+--------+-----+--------+

Top non-repeatable levels by time:
     D:1: 1019 daAuts
     D:2: 445 daAuts
